 Dungeon Crawl Stone Soup version 0.25-a0-10-g2fe12d4386 (webtiles) character file.

Game seed: 12106680942218123771, levelgen mode: deterministic

121 Arixos the Ducker (level 4, 0/31 HPs)
             Began as a Demonspawn Gladiator on Oct 15, 2019.
             Succumbed to an adder's poison
             ... on level 2 of the Dungeon.
             The game lasted 00:08:06 (2337 turns).

Arixos the Ducker (Demonspawn Gladiator)            Turns: 2337, Time: 00:08:06

Health: 0/31       AC:  7    Str: 22    XL:     4   Next: 77%
Magic:  4/4        EV: 13    Int: 14    God:
Gold:   97         SH:  0    Dex: 15    Spells: 3/3 levels left

rFire    . . .     SeeInvis .   a - +0 quarterstaff
rCold    + . .     Gourm    .   (shield currently unavailable)
rNeg     . . .     Faith    .   o - +0 ring mail
rPois    .         Spirit   .   c - +0 helmet
rElec    .         Reflect  .   k - +0 cloak
rCorr    .         Harm     .   (no gloves)
MR       .....                  (no boots)
Stlth    +.........             (no amulet)
HPRegen  0.10/turn              (no ring)
MPRegen  0.09/turn              (no ring)

@: mighty, brilliant, lethally poisoned (0 -> -6), flying
A: cold resistance 1, frail 1, powered by pain 1, strong 1
a: no special abilities


You were on level 2 of the Dungeon.
You were not hungry.

You visited 1 branch of the dungeon, and saw 2 of its levels.

You collected 97 gold pieces.

Inventory:

Hand Weapons
 a - a +0 quarterstaff (weapon)
Missiles
 l - 17 poisoned darts (quivered)
Armour
 c - a +0 helmet (worn)
 k - a +0 cloak (worn)
 o - a +0 ring mail (worn)
Scrolls
 e - 3 scrolls of identify
 m - a scroll of teleportation
Potions
 d - 2 potions of flight
Comestibles
 f - 5 rations
 n - 7 chunks of flesh


   Skills:
 + Level 3.3 Fighting
 - Level 2.6 Staves
 - Level 1.7 Throwing
 + Level 2.1 Armour
 + Level 3.6 Dodging


You had 3 spell levels left.
You didn't know any spells.
Your spell library was empty.

Dungeon Overview and Level Annotations

Branches:
Dungeon (2/15)

Altars:


Innate Abilities, Weirdness & Mutations

You sometimes gain a little power by taking damage.
Your flesh is cold resistant. (rC+)
You are frail. (-10% HP)
Your muscles are strong. (Str +2)


Message History

You feel sick.
You drop a +1 mace of holy wrath.
* * * LOW HITPOINT WARNING * * *
You feel sick.
As you read the scroll labeled EVABUUCUTT, it crumbles to dust.
It is a scroll of amnesia.
You feel forgetful for a moment.
* * * LOW HITPOINT WARNING * * *
You feel sick.
As you read the scroll labeled UKOGIBL KUAT, it crumbles to dust.
You feel strangely unstable.
It was a scroll of teleportation.
* * * LOW HITPOINT WARNING * * *
You feel sick.
There is a lethal amount of poison in your body!
* * * LOW HITPOINT WARNING * * *
You feel sick.
* * * LOW HITPOINT WARNING * * *
You feel sick.
Your surroundings suddenly seem different.
You die...

######...####.###.......#.##.###.
##.## ### #.#####.#.##.#.#. # #.#
#.# #.#.##..... # #.# #.#
#.#.####.#. # ##'## #.#
#.#.####.#. # ##...##
#.#####.#.....รท.. # ##.....##
#.......######.## # ##.......##
##.##.#### ####..#
###.........####@..#.######......
..'.........+....................
..#.........####...#.######.#....
..##.......## ##.##.# #......
..###.....## ####.# #.#...# .##
##..)## #.# #.##.## ## ##'## #.#
#...... # #.# #.# ####.## # ###
#.# #.#


There were no monsters in sight!

Vanquished Creatures
  A gnoll (D:1)
  4 adders (D:2)
  2 worms (D:2)
  2 dart slugs (D:1)
  3 leopard geckos
  7 bats
  5 giant cockroaches
  6 goblins
  8 hobgoblins
  6 jackals (D:1)
  A quokka (D:2)
  2 ball pythons
  5 frilled lizards
  7 kobolds
  3 rats
62 creatures vanquished.

Notes
Turn   | Place    | Note
-------+----------+-------------------------------------------
     0 | D:1      | Arixos the Demonspawn Gladiator began the quest for the
                  | Orb.
     0 | D:1      | Reached XP level 1. HP: 16/16 MP: 1/1
    59 | D:1      | Gained mutation: You sometimes gain a little power by
                  | taking damage. [demonic ancestry]
    59 | D:1      | Reached XP level 2. HP: 11/22 MP: 2/2
   400 | D:1      | Reached skill level 1 in Armour
   505 | D:1      | Reached XP level 3. HP: 18/28 MP: 3/3
  1283 | D:1      | Noticed a troll
  1563 | D:2      | Reached XP level 4. HP: 30/35 MP: 4/4
  2327 | D:2      | Gained mutation: Your flesh is cold resistant. (rC+)
                  | [potion of mutation]
  2327 | D:2      | Gained mutation: You are frail. (-10% HP) [potion of
                  | mutation]
  2327 | D:2      | Gained mutation: Your muscles are strong. (Str +2) [potion
                  | of mutation]
  2335 | D:2      | HP: 1/31 [poisoned by an adder]
  2337 | D:2      | Succumbed to an adder's poison

Levels and vault maps discovered:
D:1:      erik_arrival_cave_to_civilisation [erik_arrival_cave_to_temple],
          layout_loops_corners, minmay_hexomino_u4
D:2:      layout_loops_corners, okawaru_altar_gauntlet_db,
          nicolae_gozag_seed_capital

Skill      XL: |  1  2  3  4 |
---------------+-------------+-----
Dodging        | 3 |  3.6
Armour         | 1 2 |  2.1
Fighting       | 3 |  3.3
Staves         | |  2.6
Throwing       | |  1.7

Action                   |  1- 3 |  4- 6 || total
-------------------------+-------+-------++-------
Melee: Quarterstaff      |   145 |   103 ||   248
  Use: Scroll            |       |     4 ||     4
       Potion            |       |     4 ||     4
 Stab: Sleeping          |     1 |       ||     1
  Eat: Chunk             |     1 |     4 ||     5
Armor: Leather armour    |    50 |     1 ||    51
       Ring mail         |       |    54 ||    54
Dodge: Dodged            |   135 |    94 ||   229

Table legend:
 A = Non-vault XP
 B = Vault XP
 C = Vault XP percentage of total XP
 D = Non-vault monster count
 E = Vault monster count
 F = Vault count percentage of total count
                 A         B        C        D         E       F
            +---------+---------+-------+---------+---------+-------
      Total |     163 |      11 |   6.3 |      55 |       7 |  11.3
            +---------+---------+-------+---------+---------+-------
        D:1 |      74 |      11 |  12.9 |      34 |       7 |  17.1
        D:2 |      89 |       0 |   0.0 |      21 |       0 |   0.0
            +---------+---------+-------+---------+---------+-------
